 Dungeon Crawl Stone Soup version 0.29-a0-993-g4a18f31a58 (webtiles) character file.

Game seed: 10532367596717823848

16 vurker the Sneak (level 2, -4/16 HPs)
             Began as a Kobold Enchanter on Aug 2, 2022.
             Frozen to death by an endoplasm (5 damage)
             ... on level 1 of the Dungeon.
             The game lasted 00:00:40 (644 turns).

vurker the Sneak (Kobold Enchanter)                  Turns: 644, Time: 00:00:40

Health: -4/16      AC:  3    Str:  5    XL:     2   Next: 75%
Magic:  5/5        EV: 15    Int: 16    God:
Gold:   47         SH:  0    Dex: 15    Spells: 5/5 levels left

rFire   . . .      SeeInvis .   a - +1 dagger
rCold   . . .      Faith    .   (no shield)
rNeg    . . .      Spirit   .   b - +0 robe
rPois   .          Reflect  .   (no helmet)
rElec   .          Harm     .   d - +0 cloak
rCorr   .          Rampage  .   (no gloves)
Will    .....                   (no boots)
Stlth   ++++......              (no amulet)
HPRegen 0.05/turn               (no ring)
MPRegen 0.09/turn               (no ring)

@: no status effects
A: small, no large weapons, nightstalker 3
a: no special abilities


You were on level 1 of the Dungeon.
You visited 1 branch of the dungeon, and saw 1 of its levels.

You collected 47 gold pieces.

Inventory:

Hand Weapons
 a - a +1 dagger (weapon)
Armour
 b - a +0 robe (worn)
 d - a +0 cloak (worn)
   (You found it on level 1 of the Dungeon)
Scrolls
 f - a scroll of identify {unknown}
Potions
 c - 2 potions of invisibility
 e - a potion of curing {unknown}


   Skills:
 + Level 1.1 Fighting
 * Level 2.9 Short Blades
 - Level 2.4 Dodging
 - Level 4.0 Stealth
 - Level 2.1 Spellcasting
 - Level 3.0 Hexes


You had 5 spell levels left.
You didn't know any spells.
Your spell library contained the following spells:

 Spells                   Type           Power      Damage    Failure   Level
 Ensorcelled Hibernation  Hex/Ice        12%        N/A       17%         2
 Confusing Touch          Hex            11%        N/A       19%         3
 Tukima's Dance           Hex            11%        N/A       19%         3
 Dazzling Flash           Conj/Hex       12%        N/A       32%         3


Dungeon Overview and Level Annotations

Branches:
Dungeon (1/15)

Altars:


Innate Abilities, Weirdness & Mutations

You are small and have problems with some larger weapons.
You are completely attuned to the shadows.


Message History

No target in view!
No target in view!
No target in view!
A rat comes into view.
Found a scroll labelled XOSOF KEEDYO.
Things that are here:
a glowing clear potion; a bat corpse A rat is nearby!
A rat is nearby! 2 endoplasms come into view.
Found 6 gold pieces.
You see here 3 boomerangs.
The helpless rat fails to defend itself.
You impale the rat!!
You kill the rat!
A kobold comes into view. It is wielding a +0 short sword.
The kobold shouts!
The endoplasm quivers.
The endoplasm misses you.
You completely miss the kobold.
The endoplasm quivers.
The endoplasm freezes you.
You are frozen.
The kobold misses you.
You barely miss the kobold. The endoplasm freezes you.
You are frozen.
The endoplasm freezes you.
You are frozen.
The kobold hits you but does no damage.
You hit the kobold.
You kill the kobold!
The endoplasm misses you. The endoplasm closely misses you.
You hit the endoplasm. You hit the endoplasm. The endoplasm hits you.
* * * LOW HITPOINT WARNING * * *
The endoplasm closely misses you. The endoplasm attacks as you move away!
The endoplasm closely misses you.
You see here 3 boomerangs.
You hit the endoplasm but do no damage. The endoplasm closely misses you.
You hit the endoplasm.
You kill the endoplasm!
You hit the endoplasm. The endoplasm freezes you.
You are frozen.
* * * LOW HITPOINT WARNING * * *
You hit the endoplasm but do no damage. The endoplasm closely misses you.
You hit the endoplasm. You hit the endoplasm but do no damage.
The endoplasm freezes you.
You are frozen.
You die...

.......## ..
.####...#.#
.##....##...#
?#........#...#
#.#......#.#..#
#..#....#..#..#
....#..#....#.#
....!##$....#
....@##$....#
....#J.#....
#..#)...#
#.#......#
$#........
.##....##


You could see an endoplasm.

Vanquished Creatures
  5 endoplasms (D:1)
  2 giant cockroaches (D:1)
  A hobgoblin (D:1)
  3 bats (D:1)
  A frilled lizard (D:1)
  A kobold (D:1)
  2 rats (D:1)
15 creatures vanquished.

Notes
Turn   | Place    | Note
-------+----------+-------------------------------------------
     0 | D:1      | vurker the Kobold Enchanter began the quest for the Orb.
     0 | D:1      | Reached XP level 1. HP: 10/10 MP: 3/3
   209 | D:1      | Reached XP level 2. HP: 16/16 MP: 5/5
   524 | D:1      | Reached skill level 1 in Fighting
   644 | D:1      | Frozen to death by an endoplasm

Illustrated notes

Levels and vault maps discovered:
D:1:      saegor_arrival_simple_b, layout_loops_corners, minmay_circled_x

Skill      XL: |  1  2 |
---------------+-------+-----
Short Blades   | 2 |  2.9
Fighting       | 1 |  1.1
Dodging        | |  2.4
Stealth        | |  4.0
Spellcasting   | |  2.1
Hexes          | |  3.0

Action                   || total
-------------------------++-------
Melee: Dagger            ||    45
 Stab: Sleeping          ||     6
Armor: Robe              ||     8
Dodge: Dodged            ||    32

Table legend: (Time is in decaauts)
 A = Elapsed time spent in this place.
 B = Non-inter-level travel time spent in this place.
 C = Inter-level travel time spent in this place.
 D = Time resting spent in this place.
 E = Time spent auto-exploring this place.
 F = Levels seen in this place.
 G = Mean time per level.
                   A        B        C        D        E       F      G
               +--------+--------+--------+--------+--------+-----+--------+
         Total |    638 |    638 |      0 |      0 |    521 |   1 |  638.0 |
       Dungeon |    638 |    638 |      0 |      0 |    521 |   1 |  638.0 |
               +--------+--------+--------+--------+--------+-----+--------+

Top non-repeatable levels by time:
     D:1: 638 daAuts
